[ PARTIDA AOE2 · #461928865 ]
1v1 RMRomanos vs Poles
Equipo del jugador · DERR
Equipo rival · VICT
[ ANÁLISIS DE REPETICIÓN · EXTRAÍDO DE LA PARTIDA GRABADA ]
Feudal
—
Castillos
—
Imperial
—
| APM promedio | 21.8 |
| APM pico | 58 |
| eAPM promedio | 9.4 |
| Aldeanos / militares | 26 / 0 |
Foco
⚔️ 10.3% · 🌾 89.7%
Feudal
9:23
Castillos
—
Imperial
—
| APM promedio | 22.6 |
| APM pico | 44 |
| eAPM promedio | 11.5 |
| Aldeanos / militares | 32 / 0 |
Foco
⚔️ 15.0% · 🌾 85.0%
Mapa de la partida
Recursos al inicio + cada clic de construcción. Línea gruesa = muro · recuadro discontinuo = muro de casas detectado. 🟡 oro · ⚪ piedra · 🟢 bayas · 🔶 jabalí · ⭕ reliquia
Inputs por minuto
— Biggus Dichus - - [MCT].Javo_EC
Build order — Biggus Dichus
44 acciones detectadas en el replay
| 0:00 | Crear | Villager (Male) |
| 0:01 | Crear | Villager (Male) |
| 0:01 | Crear | Villager (Male) |
| 0:01 | Crear | Villager (Male) |
| 0:03 | Construir | House |
| 0:06 | Construir | House |
| 1:39 | Crear | Villager (Male) |
| 1:49 | Construir | Lumber Camp |
| 2:07 | Crear | Villager (Male) |
| 2:31 | Crear | Villager (Male) |
| 2:58 | Crear | Villager (Male) |
| 3:14 | Crear | Villager (Male) |
| 3:30 | Construir | House |
| 3:49 | Crear | Villager (Male) |
| 3:59 | Construir | Mill |
| 4:11 | Crear | Villager (Male) |
| 4:37 | Crear | Villager (Male) |
| 5:06 | Crear | Villager (Male) |
| 5:20 | Crear | Villager (Male) |
| 5:20 | Crear | Villager (Male) |
| 5:34 | Crear | Villager (Male) |
| 5:50 | Crear | Villager (Male) |
| 5:50 | Crear | Villager (Male) |
| 6:02 | Construir | House |
| 6:23 | Crear | Villager (Male) |
| 6:41 | Construir | House |
| 6:51 | Construir | Barracks |
| 7:09 | Crear | Villager (Male) |
| 7:25 | Crear | Villager (Male) |
| 7:26 | Crear | Villager (Male) |
| 7:26 | Crear | Villager (Male) |
| 7:27 | Crear | Villager (Male) |
| 8:02 | Crear | Villager (Male) |
| 8:02 | Crear | Villager (Male) |
| 9:13 | Construir | Mining Camp |
| 9:22 | Investigar | Feudal Age |
| 10:07 | Construir | Mining Camp |
| 10:32 | Construir | Farm |
| 10:33 | Construir | Farm |
| 10:33 | Construir | Farm |
| 10:33 | Construir | Farm |
| 10:34 | Construir | Farm |
| 11:07 | Construir | Farm |
| 11:07 | Construir | Farm |
Build order — [MCT].Javo_EC
48 acciones detectadas en el replay
| 0:03 | Crear | Villager (Male) |
| 0:04 | Crear | Villager (Male) |
| 0:04 | Crear | Villager (Male) |
| 0:04 | Crear | Villager (Male) |
| 0:06 | Construir | House |
| 0:09 | Construir | House |
| 1:40 | Crear | Villager (Male) |
| 1:41 | Crear | Villager (Male) |
| 2:00 | Crear | Villager (Male) |
| 2:01 | Crear | Villager (Male) |
| 2:04 | Construir | Lumber Camp |
| 2:26 | Crear | Villager (Male) |
| 2:27 | Crear | Villager (Male) |
| 2:56 | Crear | Villager (Male) |
| 2:56 | Crear | Villager (Male) |
| 2:57 | Crear | Villager (Male) |
| 3:16 | Crear | Villager (Male) |
| 3:16 | Crear | Villager (Male) |
| 3:34 | Construir | Mill |
| 3:42 | Crear | Villager (Male) |
| 3:42 | Crear | Villager (Male) |
| 4:04 | Crear | Villager (Male) |
| 4:05 | Crear | Villager (Male) |
| 4:41 | Crear | Villager (Male) |
| 4:41 | Crear | Villager (Male) |
| 4:41 | Crear | Villager (Male) |
| 5:01 | Crear | Villager (Male) |
| 5:20 | Crear | Villager (Male) |
| 5:21 | Crear | Villager (Male) |
| 6:06 | Construir | Mill |
| 6:22 | Crear | Villager (Male) |
| 6:25 | Investigar | Loom |
| 7:13 | Investigar | Feudal Age |
| 7:14 | Investigar | Feudal Age |
| 8:15 | Construir | Mining Camp |
| 8:35 | Construir | House |
| 9:15 | Crear | Villager (Male) |
| 9:16 | Crear | Villager (Male) |
| 9:23 | Edad | Edad Feudal |
| 9:29 | Construir | Watch Tower |
| 9:34 | Investigar | Double-Bit Axe |
| 10:05 | Crear | Villager (Male) |
| 10:13 | Construir | Blacksmith |
| 10:37 | Construir | Watch Tower |
| 10:46 | Crear | Villager (Male) |
| 10:46 | Crear | Villager (Male) |
| 10:46 | Crear | Villager (Male) |
| 10:50 | Construir | House |
Cronología de la partida
| 6:51 | Biggus Dichus · first_building Barracks |
| 9:23 | [MCT].Javo_EC · age_up feudal |
| 11:23 | Biggus Dichus · resign |
[ ANÁLISIS IA · 1 CRÉDITO ]
¿Qué pasó realmente en esta partida?
Wolo.gg analiza cada decisión: build order, eco, micro, errores típicos por bracket. Análisis personalizado por WhatsApp o Discord en 30 segundos.
Guía civ
Romanos
Guía mapa
Arena
Perfil
Biggus Dichus